Map: [ESL] Hard Lead

Players

SKillous - Winner!

  • Race: Protoss Protoss
  • League: Grandmaster
  • Spawn Location: 5:00

Spirit (souL)

  • Race: Terran Terran
  • League: Master
  • Spawn Location: 11:00

Event: HomeStory Cup XXIV

VOD

Have the link to the VOD?

Description

Time

  • Played on: Dec. 2, 2023, 8:32 a.m.
  • Length: 15:52

All games in this series

Show
View Real Time Build Order
Export as new Build Order

SKillous Protoss - Winner!

Build Orders: 1 Gate Expand, Blink Stalkers 

Get SALT Encoding   

  12  0:00  Probe  
  13  0:12  Probe  
  14  0:18  Pylon  
  14  0:24  Probe  
  15  0:36  Gateway  
  15  0:39  Probe (Chrono Boost)  
  16  0:45  Assimilator  
  16  0:48  Probe (Chrono Boost)  
  17  0:54  Probe  
  18  1:06  Probe  
  19  1:18  Probe  
  19  1:25  Cybernetics Core  
  20  1:35  Nexus  
  20  1:41  Pylon  
  20  1:43  Probe  
  21  1:50  Assimilator  
  20  1:55  Probe  
  20  1:58  Adept (Chrono Boost)  
  23  2:02  Warp Gate  
  23  2:08  Probe  
  24  2:20  Adept, Probe  
  27  2:31  Twilight Council  
  27  2:32  Probe  
  28  2:44  Gateway  
  28  2:45  Probe (Chrono Boost)  
  28  2:50  Stalker  
  28  2:51  Probe (Chrono Boost)  
  32  2:57  Probe (Chrono Boost)  
  33  3:01  Probe (Chrono Boost)  
  33  3:04  Probe (Chrono Boost)  
  35  3:06  Blink (Chrono Boost)  
  35  3:07  Probe (Chrono Boost)  
  35  3:10  Probe  
  37  3:17  Probe  
  38  3:22  Probe  
  39  3:29  Probe  
  40  3:34  Robotics Facility, Probe  
  41  3:41  Probe  
  41  3:44  Pylon  
  41  3:47  Probe  
  43  3:53  Probe  
  43  3:56  Gateway, Stalker  
  43  3:57  Gateway  
  43  3:59  Probe  
  46  4:05  Probe  
  47  4:12  Probe  
  47  4:13  Assimilator  
  47  4:14  Pylon  
  48  4:20  Stalker x2  
  48  4:22  Warp Prism  
  54  4:31  Pylon  
  54  4:32  Probe  
  55  4:48  Stalker x2  
  58  4:56  Stalker x2  
  58  4:58  Observer  
  63  5:06  Nexus  
  63  5:18  Stalker x2  
  63  5:19  Stalker  
  69  5:23  Pylon  
  63  5:38  Probe x2  
  63  5:41  Stalker  
  63  5:42  Stalker x2  
  69  5:44  Stalker  
  71  5:50  Probe x2  
  69  6:02  Probe  
  69  6:03  Probe  
  71  6:14  Probe  
  71  6:15  Probe  
  73  6:19  Pylon  
  73  6:20  Stalker x3  
  73  6:22  Probe  
  78  6:25  Charge  
  78  6:27  Probe x2  
  80  6:34  Probe, Forge  
  80  6:39  Probe x2  
  82  6:47  Probe  
  82  6:49  Observer  
  82  6:51  Probe  
  78  6:59  Probe  
  73  7:01  Probe  
  73  7:04  Gateway  
  73  7:05  Gateway  
  73  7:08  Gateway, Probe  
  75  7:09  Sentry  
  75  7:11  Gateway  
  75  7:13  Shield Battery  
  75  7:15  Protoss Ground Weapons Level 1 (Chrono Boost)  
  77  7:19  Zealot x3, Probe  
  77  7:20  Probe  
  85  7:24  Dark Shrine  
  85  7:26  Probe  
  86  7:30  Pylon  
  86  7:31  Probe  
  86  7:32  Probe  
  86  7:35  Zealot  
  86  7:36  Observer  
  90  7:38  Probe  
  90  7:43  Probe, Pylon  
  92  7:44  Zealot  
  92  7:45  Probe  
  92  7:47  Nexus  
  95  7:59  Pylon  
  95  8:00  Stalker x3  
  95  8:01  Stalker  
  95  8:03  Probe x2  
  105  8:06  Pylon  
  105  8:07  Probe  
  106  8:15  Gateway  
  106  8:16  Gateway  
  106  8:22  Zealot x4  
  114  8:30  Probe  
  114  8:33  Forge  
  114  8:37  Zealot x4  
  122  8:43  Dark Templar, Zealot x3  
  122  8:45  Probe  
  131  8:48  Pylon  
  131  8:59  Photon Cannon  
  131  9:01  Photon Cannon  
  131  9:06  Protoss Ground Weapons Level 2 (Chrono Boost)  
  131  9:09  Zealot x7, Protoss Ground Armor Level 1 (Chrono Boost)  
  145  9:14  Observer  
  144  9:28  Probe  
  144  9:29  Probe  
  144  9:32  Robotics Bay  
  144  9:33  Probe  
  144  9:34  Assimilator x2  
  143  9:40  Stalker x3  
  143  9:41  Stalker x2  
  153  9:59  Shield Battery  
  153  10:01  Zealot  
  153  10:02  Pylon  
  153  10:05  Pylon  
  155  10:08  Pylon  
  155  10:10  Pylon  
  155  10:12  Shield Battery  
  155  10:14  Nexus  
  155  10:15  Pylon x2  
  155  10:18  Pylon  
  157  10:26  Pylon  
  155  10:32  Robotics Facility  
  155  10:33  Extended Thermal Lance (Chrono Boost)  
  153  10:37  Colossus (Chrono Boost)  
  159  10:43  Zealot x4  
  159  10:44  Zealot  
  159  10:49  Shield Battery  
  169  10:51  Photon Cannon  
  169  10:52  Gateway  
  169  10:53  Photon Cannon  
  169  10:56  Gateway  
  169  10:58  Gateway  
  169  10:59  Gateway  
  169  11:02  Zealot x5  
  175  11:23  Protoss Ground Weapons Level 3 (Chrono Boost)  
  175  11:24  Robotics Facility, Colossus (Chrono Boost)  
  181  11:27  Observer  
  181  11:31  Zealot x9  
  197  11:36  Protoss Ground Armor Level 2 (Chrono Boost)  
  177  11:54  Stalker x10  
  175  12:00  Zealot x3  
  185  12:22  Zealot x12  
  197  12:28  Photon Cannon  
  171  12:45  Observer, Zealot x5  
  171  12:46  Zealot x5  
  181  12:52  Colossus (Chrono Boost)  
  181  12:54  Observer  
  179  13:04  Zealot x4  
  179  13:16  Zealot x7  
  191  13:27  Zealot x2  
  191  13:28  Zealot x2  
  191  13:30  Dark Shrine  
  191  13:31  Protoss Shields Level 1 (Chrono Boost)  
  195  13:49  Nexus  
  195  13:53  Warp Prism (Chrono Boost)  
  181  13:56  Immortal (Chrono Boost)  
  179  14:03  Immortal (Chrono Boost)  
  179  14:08  Pylon  
  179  14:09  Zealot x3  
  167  14:10  Zealot x4  
  175  14:20  Sentry  
  175  14:21  Zealot x5  
  155  14:42  Zealot x11  
  171  14:50  Immortal  
  174  14:52  Observer  
  170  15:09  Dark Templar x4, Zealot x5  
  188  15:19  Dark Templar x2  
  188  15:20  Zealot x3  
  178  15:35  Stalker x5  
  178  15:42  Dark Templar x3  
  173  15:45  Dark Templar  
Show
View Real Time Build Order
Export as new Build Order

Spirit Terran 

Build Orders:  

Get SALT Encoding   

  12  0:00  SCV  
  13  0:12  SCV  
  14  0:17  Supply Depot  
  14  0:24  SCV  
  15  0:38  SCV  
  15  0:39  Barracks  
  16  0:44  Refinery  
  16  0:50  SCV  
  17  1:03  SCV  
  18  1:15  SCV  
  19  1:30  Marine  
  19  1:31  Orbital Command  
  20  1:48  Barracks Reactor  
  20  1:52  Command Center  
  20  1:56  SCV  
  21  2:01  Supply Depot  
  21  2:09  SCV  
  21  2:13  Factory  
  22  2:21  SCV  
  23  2:24  Marine x2  
  25  2:30  Refinery  
  25  2:33  SCV  
  26  2:42  Marine x2  
  28  2:52  SCV  
  28  2:57  Hellion  
  28  2:58  Starport  
  31  3:04  Orbital Command, SCV  
  32  3:07  Bunker  
  32  3:10  Marine  
  32  3:12  Marine  
  34  3:17  SCV  
  35  3:21  Widow Mine  
  37  3:30  SCV x2  
  37  3:34  Medivac  
  41  3:42  Supply Depot, SCV x2  
  41  3:44  Widow Mine  
  45  3:52  Marine  
  46  3:58  Barracks  
  46  4:01  Supply Depot  
  46  4:03  Marine  
  46  4:04  SCV x2  
  46  4:07  Starport Tech Lab  
  49  4:11  Marine  
  49  4:15  Factory Tech Lab  
  49  4:16  SCV x2  
  52  4:19  Barracks  
  52  4:21  Engineering Bay  
  50  4:25  Supply Depot  
  50  4:28  SCV  
  50  4:29  Raven, SCV  
  54  4:36  Siege Tank  
  54  4:38  Marine  
  58  4:40  SCV  
  58  4:42  SCV  
  58  4:44  Marine  
  61  4:52  SCV  
  61  4:54  SCV  
  61  4:57  Bunker  
  60  5:00  Bunker  
  60  5:01  Marine  
  60  5:04  SCV  
  62  5:08  Siege Tank  
  62  5:09  Stimpack, Supply Depot  
  62  5:13  SCV  
  66  5:16  Supply Depot  
  66  5:17  SCV  
  66  5:18  Refinery  
  66  5:20  Marine  
  68  5:25  SCV  
  69  5:29  Marine  
  69  5:31  SCV, Marauder  
  72  5:37  Marine, SCV  
  72  5:43  SCV  
  72  5:46  Marine  
  72  5:49  SCV  
  75  5:52  Marauder  
  75  5:55  SCV  
  78  6:02  Marine, Supply Depot  
  78  6:03  Supply Depot  
  78  6:06  SCV  
  78  6:07  SCV  
  77  6:14  Supply Depot x2  
  77  6:15  Supply Depot  
  77  6:16  Marauder  
  80  6:18  Siege Tank  
  80  6:19  SCV  
  80  6:20  Starport Reactor, Barracks Tech Lab, SCV  
  81  6:27  Marine x2  
  81  6:31  SCV  
  81  6:32  SCV  
  83  6:38  Marauder x2  
  87  6:44  Marine, SCV  
  86  6:48  Concussive Shells  
  86  6:52  Refinery  
  84  6:59  Marauder, Marine  
  84  7:00  Marauder  
  89  7:02  Medivac  
  89  7:05  SCV  
  89  7:07  Command Center  
  92  7:10  Missile Turret  
  88  7:17  Factory Reactor  
  88  7:18  Medivac  
  88  7:19  Barracks  
  88  7:20  Barracks, Terran Infantry Weapons Level 1  
  88  7:22  SCV  
  90  7:26  Combat Shield  
  90  7:28  SCV  
  90  7:29  Marine  
  91  7:30  Marine  
  91  7:34  SCV  
  91  7:36  Supply Depot  
  91  7:37  Medivac  
  96  7:41  Marine  
  96  7:42  Marauder  
  99  7:46  SCV  
  100  7:54  Missile Turret, Marine, SCV  
  104  7:59  Viking  
  104  8:00  Marauder  
  104  8:02  SCV  
  104  8:03  Marauder  
  104  8:04  Widow Mine  
  111  8:06  Widow Mine  
  111  8:10  Armory  
  113  8:14  Barracks Reactor  
  113  8:15  SCV  
  113  8:17  Missile Turret  
  113  8:18  SCV  
  115  8:21  Marauder  
  115  8:25  Marauder, Marine  
  115  8:26  Widow Mine  
  122  8:28  SCV  
  122  8:30  SCV  
  122  8:32  Widow Mine  
  122  8:33  Marine  
  129  8:34  Marauder  
  129  8:39  Medivac x2  
  129  8:40  SCV  
  134  8:44  Marauder, Marine  
  134  8:46  SCV  
  138  8:48  Orbital Command  
  138  8:52  SCV  
  138  8:55  Marine  
  138  8:58  SCV, Marine  
  141  9:04  Marauder  
  141  9:05  Bunker  
  141  9:07  Widow Mine  
  141  9:09  Medivac, Marine  
  148  9:11  SCV  
  149  9:18  SCV  
  149  9:19  Marine  
  149  9:20  Marine, Marauder  
  149  9:21  SCV  
  149  9:23  Widow Mine  
  149  9:28  Marine  
  149  9:29  Marine  
  148  9:32  Marine  
  148  9:36  Ghost Academy  
  148  9:37  Bunker  
  149  9:47  Widow Mine x2  
  149  9:48  Marine  
  149  9:49  SCV  
  149  9:54  Supply Depot  
  149  9:55  Supply Depot  
  149  9:59  SCV  
  150  10:02  Refinery  
  150  10:03  Terran Infantry Armor Level 1, Refinery  
  150  10:05  Engineering Bay  
  150  10:06  Ghost x3  
  154  10:09  Marine  
  157  10:15  Marine  
  157  10:19  Viking  
  160  10:28  Viking  
  161  10:32  Missile Turret  
  161  10:34  Ghost  
  163  10:43  Terran Infantry Weapons Level 2  
  163  10:45  Command Center  
  163  10:47  Ghost  
  163  10:49  Viking  
  167  10:50  Missile Turret  
  167  10:54  Terran Ship Weapons Level 1  
  167  10:55  Marauder  
  169  10:58  SCV x2  
  169  11:02  SCV, Supply Depot  
  171  11:06  Marine  
  171  11:07  Supply Depot  
  171  11:10  Widow Mine  
  173  11:15  Starport  
  173  11:23  Marine x4  
  173  11:24  Marauder, SCV x2  
  181  11:29  Widow Mine, SCV  
  181  11:31  Marine  
  185  11:34  Marine  
  185  11:36  Viking  
  188  11:40  Viking  
  188  11:43  Marine  
  188  11:44  Marauder  
  177  11:53  Starport Reactor, Marauder  
  170  11:57  Marine  
  170  11:58  Marine, Marauder  
  170  12:00  SCV x2  
  174  12:02  Marine  
  174  12:06  Viking, Terran Infantry Armor Level 2  
  177  12:14  Viking  
  170  12:19  Marine  
  170  12:20  Marine  
  170  12:21  Marauder  
  166  12:24  Marine  
  166  12:25  Marauder  
  166  12:28  Sensor Tower  
  168  12:33  Marauder, Marine  
  152  12:38  Viking  
  152  12:40  Marine  
  152  12:42  Marauder  
  144  12:45  Ghost  
  144  12:49  Medivac x2  
  142  12:54  Ghost, Marine  
  142  12:55  Marine  
  142  13:01  Medivac  
  142  13:03  Marauder  
  142  13:04  Marine  
  147  13:08  Marine, Medivac  
  147  13:15  Marauder  
  147  13:17  Marine  
  147  13:19  Viking  
  150  13:23  Marauder  
  150  13:25  Viking, Marauder  
  156  13:31  Viking  
  156  13:33  Marine  
  159  13:34  Marine x2  
  159  13:36  Marauder  
  159  13:37  Viking  
  165  13:45  Marauder  
  165  13:46  Marauder  
  169  13:49  Viking  
  169  13:50  Marine  
  169  13:55  Viking  
  167  13:56  Marine  
  167  13:57  Marauder  
  167  14:01  Viking, Marine  
  167  14:03  Marine  
  167  14:06  Marauder  
  167  14:07  Viking  
  167  14:08  Marine, Marauder  
  168  14:14  Marine  
  169  14:19  Marine, Marauder  
  172  14:29  Viking  
  172  14:31  Viking, Marauder  
  173  14:33  Viking, Marauder  
  173  14:34  Marine  
  173  14:35  Marine  
  173  14:37  Viking  
  155  14:40  Marauder  
  156  14:51  Marine  
  159  14:53  Marauder  
  159  14:54  Marauder  
  159  14:57  Marine  
  159  14:59  Viking  
  164  15:01  Marauder  
  164  15:02  Missile Turret, Marine  
  164  15:04  Marine  
  168  15:10  Orbital Command  
  172  15:14  Marauder  
  172  15:17  Marine  
  172  15:18  Marine, Marauder  
  172  15:20  Marine  
  159  15:29  Marauder  
Tags
 
Add a new tag
Caveats
  • Supply blocks, unpowered buildings, or Contaminate may cause inaccurate times.
  • Supply counts are checked every 10 seconds.